 Dungeon Crawl Stone Soup version 0.18-b1-16-g289874d (webtiles) character file.

1183 otab the Basher (level 8, -2/87 HPs)
             Began as an Ogre Berserker on May 1, 2016.
             Was a Priest of Trog.
             Slain by an orc
             ... wielding a +0 dagger
              (4 damage)
             ... on level 5 of the Dungeon.
             The game lasted 00:05:11 (4505 turns).

otab the Basher (Ogre Berserker)                    Turns: 4505, Time: 00:05:12

Health: -2/87      AC:  4    Str: 23    XL:     8   Next: 42%
Magic:  8/8        EV: 12    Int:  6    God:    Trog [***...]
Gold:   193        SH:  0    Dex: 11    Spells: 0 memorised, 7 levels left

rFire  . . .     SeeInvis .     l - +3 flail
rCold  . . .     Gourm    .     b - +0 animal skin
rNeg   . . .     Faith    .     (no shield)
rPois  .         Spirit   .     (helmet restricted)
rElec  .         Dismiss  .     i - +0 cloak (curse)
rCorr  .         Reflect  .     (gloves unavailable)
SustAt .         Harm     .     (boots unavailable)
MR     .....                    (no amulet)
Stlth  +.........               (no ring)
                                (no ring)

@: exhausted, slowed, very slow, not resistant to hostile enchantments, very
unstealthy
A: unfitting armour, tough skin 1
a: Berserk, Trog's Hand, Burn Spellbooks, Renounce Religion


You were on level 5 of the Dungeon.
You worshipped Trog.
Trog was most pleased with you.
You were not hungry.

You visited 1 branch of the dungeon, and saw 5 of its levels.

You collected 193 gold pieces.

Inventory:

Hand Weapons
 l - a +3 flail (weapon)
 q - a +0 flail of protection
Armour
 b - a +0 animal skin (worn)
 i - a cursed +0 cloak (worn)
Jewellery
 k - an uncursed ring of poison resistance {unknown}
 o - an uncursed ring of magical power {unknown}
Wands
 e - a wand of slowing (4/48)
Scrolls
 a - a scroll of enchant armour {unknown}
 g - a scroll of remove curse {unknown}
 h - 3 scrolls of identify {unknown}
 j - 3 scrolls of fog {unknown}
 p - a scroll of amnesia {unknown}
Potions
 d - a potion of curing
 m - a potion of invisibility {unknown}
 n - a potion of cure mutation {unknown}
Comestibles
 c - 4 bread rations
 f - 2 meat rations


   Skills:
 + Level 7.2 Fighting
 * Level 8.9 Maces & Flails
 + Level 6.2 Dodging


You had 7 spell levels left.
You didn't know any spells.

Dungeon Overview and Level Annotations

Branches:
Dungeon (5/15)             Temple (0/1) D:5

Altars:
Gozag
Kikubaaqudgha
Qazlal
Zin


Innate Abilities, Weirdness & Mutations

You are too large for most types of armour.
You have tough skin (AC +1).


Message History

The orc hits you but does no damage. x2
The orc wizard hits you but does no damage.
The orc hits you but does no damage. The orc hits you with a hand axe.
* * * LOW HITPOINT WARNING * * *
You miss the orc wizard. The orc wizard hits you with a dagger.
* * * LOW HITPOINT WARNING * * *
The orc hits you with a dagger.
* * * LOW HITPOINT WARNING * * *
The orc barely misses you.
You sock the orc wizard!
The orc wizard is severely wounded.
The orc wizard casts a spell at you. The magic dart hits you!
* * * LOW HITPOINT WARNING * * *
The orc hits you with a dagger.
* * * LOW HITPOINT WARNING * * *
The orc closely misses you. The orc wizard hits you with a dagger.
* * * LOW HITPOINT WARNING * * *
The orc hits you with a dagger.
You die...

###.....#
##.................###
.................
.................
.................
.................
..................
.........oo........
.........@o........
.......[.).........
(...#............. .
###.####....# ..
.#...........#...
..........#....#.#
..................##
...........#.......#
...........#.......#


You could see an orc wizard and 2 orcs.

Vanquished Creatures
  Menkaure (D:5)
  Edmund (D:5)
  Duvessa (D:5)
  An ogre (D:5)
  Dowan (D:5)
  3 wights (D:5)
  A howler monkey (D:4)
  2 orc priests (D:4)
  A hound (D:4)
  Crazy Yiuf (D:3)
  A centaur skeleton (D:3)
  A giant frog skeleton (D:5)
  Natasha (thrice) (D:3)
  3 orc wizards
  2 worker ants (D:4)
  8 adders
  A gnoll (D:1)
  An ooze (D:1)
  3 worms (D:2)
  A giant gecko (D:1)
  9 orcs
  6 bats
  7 giant cockroaches
  5 goblins
  9 hobgoblins
  7 jackals
  2 quokkas (D:5)
  A giant newt (D:3)
  A jackal skeleton (D:5)
  9 kobolds
  6 rats
99 creatures vanquished.

Vanquished Creatures (others)
  A human (D:4)
1 creature vanquished.

Grand Total: 100 creatures vanquished

Notes
Turn   | Place    | Note
--------------------------------------------------------------
     0 | D:1      | otab the Ogre Berserker began the quest for the Orb.
     0 | D:1      | Reached XP level 1. HP: 24/24 MP: 1/1
   103 | D:1      | Reached XP level 2. HP: 32/32 MP: 2/2
   725 | D:1      | Reached XP level 3. HP: 40/40 MP: 3/3
   997 | D:1      | Reached ** piety under Trog
  1260 | D:2      | Reached XP level 4. HP: 15/49 MP: 4/4
  1261 | D:2      | Found a stormy altar of Qazlal.
  1286 | D:2      | Reached skill level 5 in Maces & Flails
  1573 | D:2      | Found a glowing silver altar of Zin.
  2289 | D:3      | Noticed Natasha
  2295 | D:3      | Killed Natasha
  2295 | D:3      | Reached skill level 5 in Fighting
  2295 | D:3      | Reached XP level 5. HP: 57/57 MP: 5/5
  2438 | D:3      | Noticed Natasha
  2445 | D:3      | Killed Natasha
  2488 | D:3      | Noticed Natasha
  2496 | D:3      | Killed Natasha
  2496 | D:3      | Reached skill level 6 in Maces & Flails
  2905 | D:3      | Noticed Crazy Yiuf
  2912 | D:3      | Killed Crazy Yiuf
  2912 | D:3      | Reached XP level 6. HP: 52/66 MP: 6/6
  3048 | D:3      | Found an opulent altar of Gozag.
  3156 | D:4      | Found an ancient bone altar of Kikubaaqudgha.
  3156 | D:4      | Noticed a human
  3160 | D:4      | Killed a human
  3202 | D:4      | Reached *** piety under Trog
  3688 | D:4      | Reached XP level 7. HP: 56/75 MP: 7/7
  3754 | D:4      | Reached skill level 7 in Maces & Flails
  4057 | D:5      | Entered Level 5 of the Dungeon
  4082 | D:5      | Reached skill level 5 in Dodging
  4197 | D:5      | Found a staircase to the Ecumenical Temple.
  4211 | D:5      | Noticed Dowan
  4212 | D:5      | Noticed Duvessa
  4224 | D:5      | Killed Dowan
  4224 | D:5      | Reached skill level 8 in Maces & Flails
  4227 | D:5      | Killed Duvessa
  4227 | D:5      | Reached XP level 8. HP: 64/84 MP: 8/8
  4464 | D:5      | Noticed Edmund
  4469 | D:5      | Noticed Menkaure
  4474 | D:5      | Killed Edmund
  4479 | D:5      | Killed Menkaure
  4505 | D:5      | HP: 4/87 [orc/dagger (5)]
  4505 | D:5      | Slain by an orc

Skill      XL: |  1  2  3  4  5  6  7  8 |
---------------+-------------------------+-----
Dodging        | 3 4 5 6 |  6.2
Maces & Flails | 5 6 8 |  8.9
Fighting       | 5 6 7 |  7.2

Action                   |  1- 3 |  4- 6 |  7- 9 || total
-------------------------+-------+-------+-------++-------
Melee: Mace              |   124 |   119 |       ||   243
       Flail             |       |    41 |    76 ||   117
Invok: Berserk           |     1 |     5 |     3 ||     9
  Use: Potion            |       |     1 |     2 ||     3
 Stab: Sleeping          |       |     1 |       ||     1
  Eat: Beef jerky        |     1 |       |       ||     1
       Chunk             |       |    11 |     4 ||    15
       Fruit             |       |     1 |       ||     1
       Bread ration      |       |     1 |       ||     1
Armor: Animal skin       |    29 |    55 |    21 ||   105
Dodge: Dodged            |    68 |   109 |    70 ||   247
